 Dungeon Crawl Stone Soup version 0.30.0-29-ga12c61a403 (webtiles) character file.

Game seed: 9128380603016821274

121252 croobank the Opulent (level 16, -1/189 HPs)
             Began as a Gnoll Fire Elementalist on June 18, 2023.
             Was an Initiate of Gozag.
             Shot with an arrow by a naga sharpshooter (20 damage)
             ... led by Vashnia
             ... on level 3 of the Snake Pit on June 19, 2023.
             The game lasted 02:45:11 (42795 turns).

croobank the Opulent (Gnoll Fire Elementalist)     Turns: 42795, Time: 02:45:11

Health: -1/189     AC: 31    Str:  8    XL:     16   Next: 84%
Magic:  27/41      EV:  2    Int: 21    God:    Gozag
Gold:   6456       SH: 12    Dex: 14    Spells: 3/40 levels left

rFire   + + .        l - +8 whip "Snakebite" {venom, curare, rPois}
rCold   + . .        O - +0 kite shield {AC+3}
rNeg    . . .        y - melded +3 leather armour {rF+}
rPois   +            o - melded +2 helmet {SInv}
rElec   +            F - melded +0 cloak
rCorr   +            z - melded +2 pair of gloves
SInv    .            (boots currently unavailable)
Will    .....        C - amulet of magic regeneration
Stlth   +++++        P - ring "Ganell Ciyno" {Fly rF+}
HPRegen 0.51/turn    t - ring of magical power
MPRegen 0.67/turn

%: no passive effects
@: mighty, lethally poisoned (-1 -> -2), tree-form, resistant, weak-willed, gold
aura, attractive, studying Conjurations, very slow
A: stationary, stasis, torment immunity, boosted hp, (fangs 1), strong nose,
distributed training
a: End Transformation, Renounce Religion, Potion Petition, Call Merchant, Bribe
Branch


You were on level 3 of the Snake Pit.
You worshipped Gozag.
Gozag was greatly pleased with you.
You were a tree.
You visited 4 branches of the dungeon, and saw 25 of its levels.
You also visited: Volcano.

You collected 8554 gold pieces.
You spent 618 gold pieces at shops.
You paid 1480 gold pieces to Gozag.

Inventory:

Hand Weapons
 a - a +9 scimitar of flaming
 l - the +8 whip "Snakebite" (weapon) {venom, curare, rPois}
   (You found it on level 4 of the Lair of Beasts)

   rPois:     It protects you from poison.
 G - the +9 morningstar of Callousness {drain, Will++ Str+3 Int-5}
   (You found it on level 4 of the Lair of Beasts)

   Str:       It affects your strength (+3).
   Int:       It affects your intelligence (-5).
   Will:      It greatly increases your willpower.
 W - a +4 dagger of draining
Missiles
 M - 6 curare-tipped darts (quivered)
Armour
 k - a +2 leather armour of willpower
 o - a +2 helmet of see invisible (melded)
 y - a +3 leather armour of fire resistance (melded)
 z - a +2 pair of gloves (melded)
 F - a +0 cloak (melded)
 O - a +0 kite shield of protection (worn)
Magical Staves
 U - a staff of air
Jewellery
 d - a +6 ring of dexterity
 g - a +5 ring of evasion
 t - a ring of magical power (right branch)
 v - a ring of fire
 B - a +4 ring of protection
 C - an amulet of magic regeneration (around neck)
 H - a ring of protection from cold
 N - a ring of resist corrosion
 P - the ring "Ganell Ciyno" (left branch) {Fly rF+}
   (You found it on level 1 of the Snake Pit)

   [ring of flight]

   rF:        It protects you from fire.
   Fly:       It grants you flight.
 S - a ring of positive energy
 Y - a ring of ice
Wands
 w - a wand of mindburst (14)
 A - a wand of acid (10)
 J - a wand of digging (3)
 K - a wand of roots (5)
 Q - a wand of flame (27)
Scrolls
 c - 6 scrolls of teleportation
 e - a scroll of blinking
 i - 6 scrolls of fog
 n - 4 scrolls of immolation
 q - 14 scrolls of identify
 r - 3 scrolls of vulnerability
 u - 3 scrolls of magic mapping
 x - 4 scrolls of fear
Potions
 b - 3 potions of berserk rage
 f - 3 potions of brilliance
 h - 9 potions of curing
 m - 2 potions of invisibility
 p - 5 potions of lignification
 s - 6 potions of heal wounds
 D - 7 potions of might
 E - 2 potions of resistance
 L - 5 potions of mutation
 R - 3 potions of attraction
 T - a potion of magic
 Z - 3 potions of cancellation
Miscellaneous
 j - a phantom mirror (inert)
 I - a lightning rod (4/4)
 V - a phial of floods (inert)
 X - a box of beasts


   Skills:
 + Level 11.6 Fighting
 + Level 11.6 Short Blades
 + Level 11.6 Long Blades
 + Level 11.6 Axes
 + Level 11.6 Maces & Flails
 + Level 11.6 Polearms
 + Level 11.6 Staves
 + Level 11.6 Ranged Weapons
 + Level 11.6 Throwing
 + Level 11.6 Armour
 + Level 12.4 Dodging
 + Level 12.3 Stealth
 + Level 11.6 Shields
 + Level 11.6 Unarmed Combat
 + Level 12.6 Spellcasting
 + Level 11.7 Conjurations
 + Level 9.8 Hexes
 + Level 9.8 Summonings
 + Level 9.8 Necromancy
 + Level 9.8 Translocations
 + Level 9.8 Transmutations
 + Level 11.2 Fire Magic
 + Level 9.8 Ice Magic
 + Level 9.8 Air Magic
 + Level 9.8 Earth Magic
 + Level 9.8 Poison Magic
 + Level 12.6 Invocations
 + Level 11.6 Evocations


You had 3 spell levels left.
You knew the following spells:

 Your Spells              Type           Power      Damage    Failure   Level
a - Foxfire               Conj/Fire      100%       2x1d9     1%          1
b - Scorch                Fire           100%       2d9       1%          2
c - Inner Flame           Hex/Fire       55%        N/A       1%          3
d - Ozocubu's Armour      Ice            53%        N/A       1%          3
e - Summon Guardian Gole  Hex/Summ       53%        N/A       1%          3
f - Metabolic Englaciati  Hex/Ice        26%        N/A       8%          5
g - Flame Wave            Conj/Fire      57%        2d14      1%          4
h - Blink                 Tloc           100%       N/A       1%          2
i - Ensorcelled Hibernat  Hex/Ice        100%       N/A       1%          2
j - Swiftness             Air            53%        N/A       1%          3
k - Iskenderun's Mystic   Conj/Tloc      55%        2d12      1%          4
l - Irradiate             Conj/Tmut      27%        3d20      4%          5

Your spell library contained the following spells:

 Spells                   Type           Power      Damage    Failure   Level
 Beastly Appendage        Tmut           100%       N/A       1%          1
 Lesser Beckoning         Tloc           100%       N/A       1%          2
 Momentum Strike          Conj/Tloc      100%       3d10      1%          2
 Passwall                 Tmut/Erth      44%        N/A       1%          2
 Sublimation of Blood     Necr           53%        N/A       1%          2
 Wereblood                Tmut           53%        N/A       1%          2
 Dazzling Flash           Conj/Hex       100%       N/A       1%          3
 Spider Form              Tmut/Pois      53%        N/A       1%          3
 Volatile Blastmotes      Fire/Tloc      100%       2d18      1%          3
 Leda's Liquefaction      Hex/Erth       26%        N/A       2%          4
 Petrify                  Tmut/Erth      53%        N/A       2%          4
 Fireball                 Conj/Fire      28%        3d12      3%          5
 Lee's Rapid Deconstruct  Erth           26%        3d14*     8%          5
 Starburst                Conj/Fire      28%        6d9       22%         6
 Plasma Beam              Fire/Air       27%        2x1d44    30%         6
 Statue Form              Tmut/Erth      35%        N/A       38%         6
 Orb of Destruction       Conj           29%        9d9       71%         7
 Spellforged Servitor     Conj/Summ      27%        N/A       83%         7
 Summon Hydra             Summ           26%        N/A       93%         7
 Simulacrum               Ice/Necr       Unusable   N/A       N/A         6

Dungeon Overview and Level Annotations

Branches:
Dungeon (15/15)            Temple (0/1) D:4            Lair (5/5) D:8
 Shoals (0/4) Lair:2        Snake (3/4) Lair:3        Slime (0/5) Lair:5
    Orc (2/2) D:10            Elf (0/3) Orc:2        Vaults (0/5) D:13
 Depths (0/4) D:15        Volcano (visited)

Altars:
Ashenzari
Elyvilon
Fedhas
Gozag
Hepliaklqana
Kikubaaqudgha
Makhleb
Nemelex Xobeh
Okawaru
Qazlal
Ru
Sif Muna
Uskayaw
Vehumet
Wu Jian
Yredelemnul
Zin
The Shining One
Jiyva

Shops:
D:12 *   Orc:2 =*[[*   Snake:2 [==:

Annotations:
D:6 3 runed translucent doors, olmar's ghost, novice GnTm
Lair:4 exclusion: obsidian statue
Snake:3 Vashnia


Innate Abilities, Weirdness & Mutations

You are a tree.
Your roots penetrate the ground, keeping you stationary.
You cannot be teleported.
You are immune to unholy pain and torment.
Your maximum health is greatly increased.
Your equipment is partially melded.
((You have very sharp teeth.))
Your uncanny sense of smell can sniff out nearby items.
Your experience applies equally to all skills.


Message History

The mystic blast hits the naga sharpshooter!
The naga sharpshooter is moderately wounded.
The naga sharpshooter is knocked back by the mystic blast.
The mystic blast hits Vashnia but does no damage.
Vashnia is almost dead.
The mystic blast hits the naga sharpshooter!
The naga sharpshooter is lightly wounded.
The naga sharpshooter is knocked back by the mystic blast.
You feel sick.
Vashnia is engulfed in blazing flames.
Flame seeps out of Vashnia.
A naga sharpshooter comes into view. It is wielding a +0 trident.
The naga sharpshooter spits poison at you.
The splash of poison hits you but does no damage.
You resist.
The naga sharpshooter is attracted toward you. x2
Something is attracted toward you. [a] - 230 gold - haste [b] - 288 gold - brilliance and magic [c] - 442 gold - lignification, might and resistance Purchase which effect?
You turn into a tree.
Your +0 cloak melds into your body.
Your +2 helmet of see invisible melds into your body.
Your +2 pair of gloves melds into your body.
Your +3 leather armour of fire resistance melds into your body.
You feel less perceptive.
You feel less resistant to fire.
Your roots penetrate the ground.
Splash!
You fall into the shallow water.
Moving in this stuff is going to be slow.
You feel very mighty all of a sudden.
You feel protected.
You feel sick.
The naga sharpshooter is engulfed in blazing flames.
The naga sharpshooter shoots a bolt.
The bolt hits you but does no damage.
Vashnia shoots an arrow.
The arrow hits you!!
* * * LOW HITPOINT WARNING * * *
The naga sharpshooter unwields a +2 antimagic mace.
The naga sharpshooter wields a +0 shortbow.
The naga sharpshooter shoots an arrow.
The arrow hits you!!
You die...
Your body crumbles into a pile of gold.

#.............. #.............
#### ##.).<........ ....#
##....[>....... .N..
#....[<.....## ##..##
#...........#
#....########<~.........#
#.....#...§~#N~............
.###....§N...N§N♣~.........##.
.........$...°○N#~###......#
##....$....$....# #........
##...#))..§..#.# #......##.
###.##########.........##
#....# #####....## #...$.# ..#
#.N...# ..N...#


You could see Vashnia (inner flame, weak-willed, combustible, waterlogged) and 3
naga sharpshooters.

Vanquished Creatures
  A nagaraja (Snake:2)
  A stone giant (D:15)
  Nessos (D:14)
  A dire elephant (Lair:5)
  2 fire dragons
  3 hydras
  5 centaur warriors
  13 anacondas
  A catoblepas (Lair:5)
  5 two-headed ogres
  3 tengu warriors
  3 death yaks (Lair:4)
  2 boulder beetles
  2 naga sharpshooters
  3 orc high priests (Orc:2)
  5 naga warriors
  2 sun demons (Volcano)
  2 salamander mystics (Snake:1)
  2 skeletal warriors (D:15)
  5 sea snakes (Snake:1)
  A goliath frog (Lair:5)
  2 naga ritualists (Snake:2)
  3 mana vipers
  4 orc sorcerers
  3 ugly things (D:15)
  A lindwurm (Lair:3)
  5 orc knights
  A cyclops (D:11)
  2 oklob plants (Lair:5)
  2 manticores
  3 salamanders (Snake:1)
  10 elephants
  A salamander (shapeshifter) (D:14)
  7 centaur zombies (D:10)
  25 black mambas
  A guardian serpent (Snake:2)
  4 naga magi
  2 gargoyles
  An efreet (D:10)
  A rime drake (Lair:1)
  An unseen horror zombie (D:10)
  15 cane toads
  An unseen horror (D:12)
  5 komodo dragons
  2 freezing wraiths
  A tengu conjurer (D:15)
  5 trolls
  A tyrant leech (Lair:4)
  3 polar bears (Lair:3)
  A hornet (D:8)
  5 dream sheep (Lair:4)
  A meliai zombie (D:10)
  16 blink frogs
  A shadow (D:8)
  5 slime creatures (D:12)
  5 wraiths
  A hog (shapeshifter) (D:13)
  5 wyverns
  A vampire (D:11)
  5 vampire mosquitoes
  31 yaks
  4 basilisks
  13 nagas
  2 steam dragons
  A hell hound (Volcano)
  21 water moccasins
  24 orc warriors
  A sky beast (D:6)
  4 black bears
  A tengu (shapeshifter) (D:13)
  9 ogres
  An ice beast (D:6)
  10 centaurs
  6 wolves (Lair:3)
  A phantom (D:3)
  4 kobold brigands
  14 bullfrogs
  4 scorpions
  A gnoll sergeant (D:8)
  A wight (D:7)
  14 killer bees
  9 howler monkeys
  5 electric eels
  A nameless horror (D:7)
  A hound (D:4)
  2 jellies
  18 orc priests
  3 iguanas (D:6)
  Jessica (D:2)
  26 orc wizards
  A sleepcap (D:7)
  7 gnolls
  8 adders
  A shadow imp (D:5)
  3 white imps
  3 ufetubi
  3 worms
  67 orcs
  7 ball pythons
  7 bats
  7 endoplasms
  7 giant cockroaches
  6 goblins
  6 hobgoblins
  5 jackals
  8 quokkas
  2 frilled lizards (D:1)
  24 kobolds
  3 rats
  A spectral kobold (D:5)
630 creatures vanquished.

Vanquished Creatures (collateral kills)
  Agnes (Snake:3)
  A sun demon (Volcano)
  A shock serpent (Snake:3)
  A black mamba (Snake:3)
  A smoke demon (Volcano)
  A cane toad (Lair:5)
  A tyrant leech (Lair:5)
  A steam dragon (Volcano)
  3 hell hounds (Volcano)
  12 foxfires
23 creatures vanquished.

Vanquished Creatures (others)
  Louise (D:14)
  Snorg (D:10)
  An ogre mage (D:15)
  3 two-headed ogres
  A death knight (D:15)
  An anaconda (Snake:2)
  A boulder beetle (D:14)
  A tengu warrior (D:14)
  2 death yaks (Lair:4)
  A sea snake (Snake:1)
  2 skeletal warriors (D:15)
  A goliath frog (Lair:5)
  An orc knight (Orc:2)
  2 oklob plants (Lair:5)
  A manticore (D:11)
  An ugly thing (D:15)
  2 cyclopes
  An elephant (Lair:4)
  A centaur zombie (D:10)
  A guardian serpent (Snake:3)
  2 cane toads
  A naga mage (Snake:2)
  3 komodo dragons
  2 freezing wraiths
  Maggie (Lair:2)
  A troll (D:12)
  4 blink frogs
  3 yaks (Lair:4)
  A wraith (D:12)
  A basilisk (D:12)
  6 vampire mosquitoes
  5 nagas
  4 water moccasins
  An orc warrior (D:12)
  2 centaurs (D:14)
  An ogre (Orc:1)
  2 wights (D:7)
  2 howler monkeys (D:10)
  2 sleepcaps (D:7)
  An orc wizard (D:8)
  An orc (D:12)
  2 kobolds (D:7)
  1139 foxfires
1213 creatures vanquished.

Grand Total: 1866 creatures vanquished

Notes
Turn   | Place    | Note
-------+----------+-------------------------------------------
     0 | D:1      | croobank the Gnoll Fire Elementalist began the quest for
                  | the Orb.
     0 | D:1      | Reached XP level 1. HP: 13/13 MP: 6/6
   180 | D:1      | Reached XP level 2. HP: 19/19 MP: 7/7
   184 | D:1      | Learned a level 2 spell: Scorch
   704 | D:1      | Reached skill level 5 in Spellcasting
   704 | D:1      | Reached XP level 3. HP: 25/25 MP: 7/9
  1042 | D:1      | Found a faded altar of an unknown god.
  1052 | D:1      | Prayed at the altar of an unknown god.
  1052 | D:1      | Became a worshipper of Gozag Ym Sagoz the Greedy
  1177 | D:2      | Found a white marble altar of Elyvilon.
  1182 | D:2      | Reached skill level 1 in Invocations
  1235 | D:2      | Reached skill level 1 in Fighting
  1235 | D:2      | Reached skill level 1 in Short Blades
  1235 | D:2      | Reached skill level 1 in Long Blades
  1235 | D:2      | Reached skill level 1 in Axes
  1235 | D:2      | Reached skill level 1 in Maces & Flails
  1235 | D:2      | Reached skill level 1 in Polearms
  1235 | D:2      | Reached skill level 1 in Staves
  1235 | D:2      | Reached skill level 1 in Ranged Weapons
  1235 | D:2      | Reached skill level 1 in Throwing
  1235 | D:2      | Reached skill level 1 in Armour
  1235 | D:2      | Reached skill level 1 in Shields
  1235 | D:2      | Reached skill level 1 in Unarmed Combat
  1235 | D:2      | Reached skill level 1 in Evocations
  1478 | D:2      | Reached XP level 4. HP: 32/32 MP: 11/11
  1745 | D:2      | Noticed Jessica
  1748 | D:2      | Killed Jessica
  1749 | D:2      | Reached skill level 1 in Hexes
  1749 | D:2      | Reached skill level 1 in Summonings
  1749 | D:2      | Reached skill level 1 in Necromancy
  1749 | D:2      | Reached skill level 1 in Translocations
  1749 | D:2      | Reached skill level 1 in Transmutations
  1749 | D:2      | Reached skill level 1 in Ice Magic
  1749 | D:2      | Reached skill level 1 in Air Magic
  1749 | D:2      | Reached skill level 1 in Earth Magic
  1749 | D:2      | Reached skill level 1 in Poison Magic
  1861 | D:2      | Learned a level 3 spell: Inner Flame
  2299 | D:3      | Reached XP level 5. HP: 37/37 MP: 12/12
  2409 | D:3      | Noticed a phantom
  2412 | D:3      | Killed a phantom
  2495 | D:3      | Reached XP level 6. HP: 44/44 MP: 5/13
  2614 | D:3      | Found an ornate altar of the Wu Jian Council.
  2831 | D:3      | Identified a scroll of acquirement
  2831 | D:3      | Acquired a +2 helmet of see invisible
  3246 | D:4      | Reached skill level 5 in Dodging
  3410 | D:4      | Found a staircase to the Ecumenical Temple.
  4227 | D:4      | Reached XP level 7. HP: 34/51 MP: 15/15
  4540 | D:5      | Entered Level 5 of the Dungeon
  4549 | D:5      | Found a broken altar of Ashenzari.
  4597 | D:5      | Reached skill level 5 in Stealth
  5006 | D:5      | Found a glowing golden altar of the Shining One.
  5217 | D:6      | Reached XP level 8. HP: 58/58 MP: 16/16
  5256 | D:6      | Learned a level 3 spell: Ozocubu's Armour
  5260 | D:6      | Learned a level 3 spell: Summon Guardian Golem
  5266 | D:6      | Learned a level 5 spell: Metabolic Englaciation
  5921 | D:5      | Found a hazy altar of Hepliaklqana.
  6034 | D:5      | Found a white marble altar of Elyvilon.
  6211 | D:6      | Found a runed translucent gate.
  6211 | D:6      | Found a runed translucent gate.
  6211 | D:6      | Found a runed translucent gate.
  6217 | D:6      | Found an opulent altar of Gozag.
  6219 | D:6      | Noticed a wraith
  6223 | D:6      | Noticed olmar's ghost (novice GnTm)
  6341 | D:7      | Found an ancient bone altar of Kikubaaqudgha.
  6582 | D:7      | Reached XP level 9. HP: 57/65 MP: 9/18
  6948 | D:7      | Found a hide-covered altar of Uskayaw.
  7550 | D:8      | Found a shimmering blue altar of Sif Muna.
  7711 | D:8      | Found a staircase to the Lair.
  7721 | D:8      | Reached skill level 5 in Invocations
  7902 | D:8      | Reached skill level 5 in Fighting
  7902 | D:8      | Reached skill level 5 in Short Blades
  7902 | D:8      | Reached skill level 5 in Long Blades
  7902 | D:8      | Reached skill level 5 in Axes
  7902 | D:8      | Reached skill level 5 in Maces & Flails
  7902 | D:8      | Reached skill level 5 in Polearms
  7902 | D:8      | Reached skill level 5 in Staves
  7902 | D:8      | Reached skill level 5 in Ranged Weapons
  7902 | D:8      | Reached skill level 5 in Throwing
  7902 | D:8      | Reached skill level 5 in Armour
  7902 | D:8      | Reached skill level 5 in Shields
  7902 | D:8      | Reached skill level 5 in Unarmed Combat
  7902 | D:8      | Reached skill level 5 in Evocations
  7902 | D:8      | Reached XP level 10. HP: 69/74 MP: 11/20
  9350 | D:9      | Reached skill level 5 in Conjurations
 10090 | D:9      | Learned a level 4 spell: Flame Wave
 10202 | D:9      | Found an opulent altar of Gozag.
 10512 | D:10     | Entered Level 10 of the Dungeon
 10642 | D:10     | Reached skill level 5 in Hexes
 10642 | D:10     | Reached skill level 5 in Summonings
 10642 | D:10     | Reached skill level 5 in Necromancy
 10642 | D:10     | Reached skill level 5 in Translocations
 10642 | D:10     | Reached skill level 5 in Transmutations
 10642 | D:10     | Reached skill level 5 in Ice Magic
 10642 | D:10     | Reached skill level 5 in Air Magic
 10642 | D:10     | Reached skill level 5 in Earth Magic
 10642 | D:10     | Reached skill level 5 in Poison Magic
 10642 | D:10     | Reached XP level 11. HP: 50/81 MP: 2/23
 10650 | D:10     | Found a basalt altar of Yredelemnul.
 11001 | D:10     | Found a sparkling altar of Nemelex Xobeh.
 11008 | D:10     | Found a burning altar of Makhleb.
 11009 | D:10     | Found a stormy altar of Qazlal.
 11013 | D:10     | Found a radiant altar of Vehumet.
 11043 | D:10     | Found a staircase to the Orcish Mines.
 11066 | D:10     | Found a blossoming altar of Fedhas.
 11529 | D:10     | Noticed Snorg
 11540 | D:10     | Killed Snorg
 11674 | D:10     | Found a sacrificial altar of Ru.
 12615 | D:11     | Found a glowing silver altar of Zin.
 12913 | D:11     | Noticed a two-headed ogre
 12920 | D:11     | Killed a two-headed ogre
 13054 | D:11     | Noticed a cyclops
 13061 | D:11     | Killed a cyclops
 13095 | D:11     | Noticed a two-headed ogre
 13104 | D:11     | Killed a two-headed ogre
 13105 | D:11     | Reached XP level 12. HP: 78/91 MP: 11/24
 13894 | D:12     | Noticed a boulder beetle
 13914 | D:12     | Killed a boulder beetle
 14154 | D:12     | Found Memo's General Store.
 15322 | D:13     | Noticed a centaur warrior
 15346 | D:13     | Killed a centaur warrior
 15554 | Lair:1   | Entered Level 1 of the Lair of Beasts
 15756 | Lair:1   | Learned a level 2 spell: Blink
 16607 | Lair:2   | Found a staircase to the Shoals.
 16736 | Lair:2   | Reached XP level 13. HP: 98/98 MP: 23/26
 16773 | Lair:2   | Noticed Maggie
 16788 | Lair:2   | Killed Maggie
 17398 | Lair:3   | Learned a level 2 spell: Ensorcelled Hibernation
 17403 | Lair:3   | Found a dark tunnel.
 17527 | Volcano  | Entered a volcano
 17863 | Volcano  | Noticed a fire dragon
 17871 | Volcano  | Killed a fire dragon
 17872 | Volcano  | Reached skill level 10 in Spellcasting
 18396 | Lair:3   | Found a staircase to the Snake Pit.
 18915 | Lair:4   | Reached skill level 10 in Dodging
 19365 | Lair:4   | Reached skill level 10 in Stealth
 19553 | Lair:4   | Found the +8 whip "Snakebite" {venom, curare, rPois}
 19564 | Lair:4   | Identified the +9 morningstar of Callousness {drain, Will++
                  | Str+3 Int-5}
 19903 | Lair:4   | Reached XP level 14. HP: 108/108 MP: 23/28
 19906 | Lair:4   | Reached skill level 10 in Invocations
 20918 | Lair:5   | Entered Level 5 of the Lair of Beasts
 20923 | Lair:5   | Noticed a dire elephant
 22225 | Lair:5   | Found a viscous altar of Jiyva.
 22415 | Lair:5   | Found a staircase to the Slime Pits.
 23145 | Lair:5   | Killed a dire elephant
 23878 | Lair:5   | Reached skill level 10 in Fire Magic
 24296 | Lair:5   | Reached skill level 10 in Fighting
 24296 | Lair:5   | Reached skill level 10 in Short Blades
 24296 | Lair:5   | Reached skill level 10 in Long Blades
 24296 | Lair:5   | Reached skill level 10 in Axes
 24296 | Lair:5   | Reached skill level 10 in Maces & Flails
 24296 | Lair:5   | Reached skill level 10 in Polearms
 24296 | Lair:5   | Reached skill level 10 in Staves
 24296 | Lair:5   | Reached skill level 10 in Ranged Weapons
 24296 | Lair:5   | Reached skill level 10 in Throwing
 24296 | Lair:5   | Reached skill level 10 in Armour
 24296 | Lair:5   | Reached skill level 10 in Shields
 24296 | Lair:5   | Reached skill level 10 in Unarmed Combat
 24296 | Lair:5   | Reached skill level 10 in Evocations
 25556 | Orc:1    | Entered Level 1 of the Orcish Mines
 26722 | Orc:1    | Found an iron altar of Okawaru.
 26970 | Orc:1    | Reached XP level 15. HP: 115/115 MP: 1/30
 27784 | Orc:2    | Entered Level 2 of the Orcish Mines
 28722 | Orc:2    | Found a staircase to the Elven Halls.
 29535 | Orc:2    | Found Iliteuts's Assorted Antiques.
 30551 | Orc:2    | Found Vudier's Jewellery Shop.
 30551 | Orc:2    | Found Zodeq's Antique Armour Shoppe.
 30555 | Orc:2    | Found Wofex's General Store.
 30555 | Orc:2    | Found Tiymp's Antique Armour Shoppe.
 30585 | Orc:2    | Bought an amulet of magic regeneration for 450 gold pieces
 31248 | D:13     | Found a gate to the Vaults.
 31452 | D:14     | Noticed Louise
 31462 | D:14     | Reached skill level 10 in Conjurations
 31485 | D:14     | Killed Louise
 32263 | D:14     | Noticed Nessos
 32274 | D:14     | Killed Nessos
 32945 | D:15     | Entered Level 15 of the Dungeon
 32956 | D:15     | Identified the +0 robe of Vehumet's Scorn {Harm rC+}
 33298 | D:15     | Found a stormy altar of Qazlal.
 34208 | D:15     | Found a staircase to the Depths.
 34949 | Lair:3   | Learned a level 3 spell: Swiftness
 34951 | Snake:1  | Entered Level 1 of the Snake Pit
 34980 | Lair:3   | Reached XP level 16. HP: 111/124 MP: 22/32
 36672 | Snake:1  | Identified the ring "Ganell Ciyno" {Fly rF+}
 40421 | Snake:2  | Learned a level 4 spell: Iskenderun's Mystic Blast
 40486 | Snake:2  | Found Wiopubyn's Armour Boutique.
 40494 | Snake:2  | Found Ogeune's Jewellery Boutique.
 40496 | Snake:2  | Found Uriywih's Book Shoppe.
 40497 | Snake:2  | Found Isiestra's Jewellery Boutique.
 40772 | Snake:2  | Noticed a nagaraja
 40775 | Snake:2  | Killed a nagaraja
 40828 | Snake:2  | Learned a level 5 spell: Irradiate
 40918 | Snake:3  | Noticed Agnes
 40927 | Snake:3  | Killed Agnes
 42145 | D:12     | Bought a scroll of vulnerability for 52 gold pieces
 42145 | D:12     | Bought a scroll of immolation for 52 gold pieces
 42234 | Orc:2    | Bought a scroll of vulnerability for 64 gold pieces
 42764 | Snake:3  | Noticed Vashnia
 42795 | Snake:3  | Shot with an arrow by a naga sharpshooter

Illustrated notes

Levels and vault maps discovered:
D:1:      dpeg_arrival_central, layout_basic,
          hellmonk_ecumenical_altar_slurped_away
D:2:      layout_loops_corners, basic_altar, uniq_jessica
D:3:      cheibrodos_old_hovel, layout_loops_ring,
          nicolae_wu_jian_immortal_techniques
D:4:      layout_loops_corners, minmay_temple_entry_mist, minmay_bisected
D:5:      layout_basic, nicolae_overflow_crystal_walls,
          mainiacjoe_overflow_surrounded_room,
          nicolae_hepliaklqana_monster_ancestors, elyvilon_altar_3
D:6:      layout_rooms, ebering_ghost_gozag, minmay_misc_feat_x,
          minmay_hedge_maze, minmay_gold_behind_fungi
D:7:      layout_cave_pools, nicolae_kikubaaqudgha_miasma_corner,
          lemuel_crystal_altar, hellmonk_no_cap
D:8:      layout_basic, kennysheep_orc_sif_temple, due_lair_maze_entry_diamond,
          kennysheep_generic_room_4
D:9:      layout_cave_pools, amcnicky_altar_gilded
D:10:     layout_roguey, nicolae_yredelemnul_corpse_copse, lemuel_tele_altar,
          nicolae_overflow_hidden_temple, minitemple, serial_bayou_pond_e,
          kennysheep_crisscross, minmay_misc_feat_more_columns,
          minmay_three_doors, uniq_snorg
D:11:     layout_roguey, zin_scriptorium
D:12:     layout_cave_pools, serial_shops, shop, kennysheep_small_square
D:13:     layout_cross, david_vaults_4
D:14:     layout_gridville, serial_park_fountain, uniq_louise, uniq_nessos
D:15:     grunt_enter_depths_snipers, layout_loops_ring,
          nicolae_qazlal_general_emergency, minmay_misc_feat_chi
Lair:1:   layout_regular_city
Lair:2:   layout_misc_corridors, minmay_shoals_entry_centaurs, uniq_maggie
Lair:3:   layout_loops_ring, minmay_snake_entry_six_corridors,
          nicolae_volcano_entry_vermiform, infiniplex_staircase_pool_2
Lair:4:   statuecave_lemuel, layout_hall_layers, serial_rivers,
          chequers_serial_rivers_small_3, chequers_serial_rivers_micro_a,
          chequers_serial_rivers_micro_c, chequers_serial_rivers_room_b,
          nicolae_quartered_pool_super, patterned_corridor, serial_bayou_shore_b
Lair:5:   minmay_lair_end_frog_pond, layout_gridlike,
          minmay_slime_entry_oklob_enclosed, chequers_serial_rivers_large_b,
          serial_bayou_shore_b, lemuel_fruit_tree
Snake:1:  minmay_snake_river, layout_chambers, grunt_megastairs_3
Snake:2:  layout_gridlike, serial_shops, nicolae_shop_behind_doors,
          minmay_shop_grove
Snake:3:  layout_gridlike, uniq_agnes, uniq_vashnia
Orc:1:    layout_caves, okawaru_metal_pillars_3
Orc:2:    grunt_orc_tribal_feast, layout_caves, basic_altar, serial_shops,
          nicolae_shop_crystal

Skill      XL: |  1  2  3  4  5  6  7  8  9 10 11 12 13 14 15 16 |
---------------+-------------------------------------------------+-----
Conjurations   | 2 3 4 5 6 7 8 9 10 11 | 11.7
Spellcasting   | 5 6 7 8 9 10 11 12 | 12.6
Invocations    | 1 2 3 4 5 6 7 8 9 10 11 12 | 12.6
Fighting       | 1 2 3 4 5 6 7 8 9 10 11 | 11.6
Short Blades   | 1 2 3 4 5 6 7 8 9 10 11 | 11.6
Long Blades    | 1 2 3 4 5 6 7 8 9 10 11 | 11.6
Axes           | 1 2 3 4 5 6 7 8 9 10 11 | 11.6
Maces & Flails | 1 2 3 4 5 6 7 8 9 10 11 | 11.6
Polearms       | 1 2 3 4 5 6 7 8 9 10 11 | 11.6
Staves         | 1 2 3 4 5 6 7 8 9 10 11 | 11.6
Ranged Weapons | 1 2 3 4 5 6 7 8 9 10 11 | 11.6
Throwing       | 1 2 3 4 5 6 7 8 9 10 11 | 11.6
Armour         | 1 2 3 4 5 6 7 8 9 10 11 | 11.6
Shields        | 1 2 3 4 5 6 7 8 9 10 11 | 11.6
Unarmed Combat | 1 2 3 4 5 6 7 8 9 10 11 | 11.6
Evocations     | 1 2 3 4 5 6 7 8 9 10 11 | 11.6
Hexes          | 1 2 3 4 5 6 7 8 9 |  9.8
Summonings     | 1 2 3 4 5 6 7 8 9 |  9.8
Necromancy     | 1 2 3 4 5 6 7 8 9 |  9.8
Translocations | 1 2 3 4 5 6 7 8 9 |  9.8
Transmutations | 1 2 3 4 5 6 7 8 9 |  9.8
Ice Magic      | 1 2 3 4 5 6 7 8 9 |  9.8
Air Magic      | 1 2 3 4 5 6 7 8 9 |  9.8
Earth Magic    | 1 2 3 4 5 6 7 8 9 |  9.8
Poison Magic   | 1 2 3 4 5 6 7 8 9 |  9.8
Dodging        | 5 6 7 8 9 10 11 12 | 12.4
Stealth        | 5 6 7 8 9 10 11 12 | 12.3
Fire Magic     | 6 7 8 9 10 11 | 11.2

Action                     |  1- 3 |  4- 6 |  7- 9 | 10-12 | 13-15 | 16-18 || total
---------------------------+-------+-------+-------+-------+-------+-------++-------
  Melee: Dagger            |    36 |    54 |    71 |   335 |     9 |     2 ||   507
         Bite              |     3 |     5 |     9 |    74 |    53 |    28 ||   172
         Punch             |       |     1 |       |       |     3 |       ||     4
         Scimitar          |       |       |       |       |   282 |       ||   282
         Whip              |       |       |       |       |    15 |   166 ||   181
         Morningstar       |       |       |       |       |    58 |     3 ||    61
         Staff             |       |       |       |       |       |     1 ||     1
   Fire: Shortbow          |       |       |       |       |    12 |       ||    12
  Throw: Dart              |       |       |     3 |     3 |       |       ||     6
         Throwing net      |       |       |     1 |       |     1 |       ||     2
   Cast: Foxfire           |    12 |    25 |    73 |   162 |   363 |    32 ||   667
         Scorch            |    13 |    23 |    93 |   204 |   320 |   152 ||   805
         Summon Guardian G |       |       |     7 |    31 |    73 |    35 ||   146
         Ozocubu's Armour  |       |       |     2 |     1 |     2 |       ||     5
         Inner Flame       |       |       |     1 |       |   107 |    43 ||   151
         Flame Wave        |       |       |       |     4 |    25 |     2 ||    31
         Ensorcelled Hiber |       |       |       |       |     3 |     1 ||     4
         Metabolic Englaci |       |       |       |       |     1 |     1 ||     2
         Blink             |       |       |       |       |     1 |     2 ||     3
         Swiftness         |       |       |       |       |     1 |     2 ||     3
         Iskenderun's Myst |       |       |       |       |       |     6 ||     6
 Invoke: Potion Petition   |       |       |       |       |     2 |     2 ||     4
  Evoke: Wand              |       |       |       |     6 |    14 |     5 ||    25
         Box of beasts     |       |       |       |       |     2 |       ||     2
         Phantom mirror    |       |       |       |       |     1 |     1 ||     2
         Phial of floods   |       |       |       |       |       |     1 ||     1
    Use: Potion            |       |     1 |       |     3 |     3 |     2 ||     9
         Scroll            |       |    14 |     9 |     9 |    14 |     5 ||    51
   Stab: Sleeping          |     7 |    14 |     4 |    12 |     3 |     5 ||    45
         Held in net/web   |       |       |     1 |       |       |       ||     1
         Distracted        |       |       |       |       |     2 |       ||     2
         Petrified         |       |       |       |       |     2 |       ||     2
         Invisible         |       |       |       |       |       |     1 ||     1
 Armour: Robe              |     7 |    10 |     2 |       |       |       ||    19
         Leather armour    |       |       |    29 |   205 |   288 |    55 ||   577
         Skin              |       |       |       |       |       |     1 ||     1
  Dodge: Dodged            |    25 |    31 |    46 |   308 |   576 |    76 ||  1062
  Block: Buckler           |       |     1 |    36 |   252 |   272 |       ||   561
         Tower shield      |       |       |       |       |    82 |   205 ||   287
         Kite shield       |       |       |       |       |       |     6 ||     6
